Arrhythmia, chaotic female vampiric Convict --- --.----.---------- |.........--.....| --...............| --- ---.............--- --*-- --.......---..---- |...---.....%..| ---- |..............---- |0................-------- -...............^.......0 --......^..........------ |...........%......| ---II.......%*....-- |@I--.........<.- ---.-- .......--# |..)-- ... |....--- --...^.. --..... ---.| Arrhythmia the Jail-bird Experience level: 7 Strength: 13 Dexterity: 14 Constitution: 20 Intelligence: 13 Wisdom: 8 Charisma: 8 Health: 0(71) Energy: 40(40) AC: 5 Gold: 469 Moves: 2509 Your Inventory: Coins $ - 469 gold pieces Amulets J - an [uncursed] rectangular amulet [of ESP] Weapons d - an [uncursed -1] silver saber o - an [uncursed +0] curved sword [of searching (scimitar)] (weapon in hand) y - an [uncursed +0] bow [of telepathy] Armor b - an uncursed +0 striped shirt (being worn) v - an [uncursed] +0 red-eyed shield [orcish] (being worn) w - an [uncursed] +0 hooded cloak [dwarvish] (being worn) x - a [blessed] +1 pair of hard shoes [iron] (being worn) z - an [uncursed] +0 iron skull cap [orcish helm] (being worn) D - an [uncursed +0] hooded cloak [dwarvish] G - an [uncursed +0] hooded cloak [dwarvish] H - a [cursed -1] pair of hard shoes [iron] Scrolls m - an [uncursed] unlabeled scroll [of blank paper] Spellbooks g - an [uncursed] spellbook of confuse monster Potions f - an [uncursed] emerald potion [of polymorph] j - a [blessed] clear potion [of holy water] k - an [uncursed] yellow potion [of object detection] n - a [blessed] soapy potion [of hallucination] B - an [uncursed] icy potion [of fruit juice] I - an [uncursed] clear potion [of water] Tools C - an [uncursed +0] unicorn horn E - an [uncursed +0] pick-axe F - 2 [uncursed] partly used [wax] candles (lit) Gems l - an [uncursed] white gem [worthless glass] A - an [uncursed] black gem [worthless glass] Spells known in the end: Name Level Category Fail Memory a - confuse monster 2 enchantment 100% [||||||||] Your skills at the end: Fighting Skills Weapon Skills sling [Basic / Skilled] Spellcasting Skills Final Attributes: You were piously aligned. Hunger level was 638. Your alignment was 22 / 22. Monster difficulty range was 1 - 6. Level difficulty was 6. You were immune to poison. You were immune to level-drain. You were immune to sickness. You were blinded. You had automatic searching. You could fly. You could survive without air. You regenerated. Your luck was zero. You are dead. Vanquished creatures: a gold golem a white unicorn a rope golem 4 Mordor orcs a fog cloud 2 shriekers 2 gnome lords 4 dwarves a kobold lord 2 hill orcs 2 rothes a giant bat 2 dwarf zombies 3 iguanas an acid blob a coyote 2 hobbits 5 giant rats 2 cave spiders 15 gnomes 2 garter snakes a gecko a jackal a fox 3 kobolds 4 grid bugs 3 lichens 7 newts 75 creatures vanquished. Voluntary challenges: You used a wielded weapon 35 times. You read items or engraved 142 times. You put on armor 11 times. You never genocided any monsters. You never polymorphed an object. You never changed form. You used no wishes. You wrote Elbereth's name 55 times. You never encountered a bones level. You never used any Sokoban shortcuts. Dungeon overview: The Dungeons of Doom: levels 1 to 4 Level 1 a long staircase Level 2 a fountain Level 3 a scroll shop Level 4 stairs to The Gnomish Mines The Gnomish Mines: levels 5 to 6 Level 5 stairs to The Dungeons of Doom Level 6 <- You were here History has recorded: On T:1 you entered the Dungeons of Doom to retrieve the Amulet of Yendor! On T:343 you advanced to experience level 2. On T:446 you reached level 2 of The Dungeons of Doom. On T:671 you advanced to experience level 3. On T:850 you advanced to experience level 4. On T:907 you reached level 3 of The Dungeons of Doom. On T:1318 you advanced to experience level 5. On T:1406 you reached level 4 of The Dungeons of Doom. On T:1670 you reached level 1 of The Gnomish Mines. On T:1687 you advanced to experience level 6. On T:2065 you advanced to experience level 7. On T:2208 you reached level 2 of The Gnomish Mines. Latest messages: You scrawl "Elbereth" with your fingers onto the floor. You are hit! [HP-1=12] You scrawl "Elbereth" with your fingers onto the floor. [HP+1=13] You scrawl "Elbereth" with your fingers onto the floor. [HP+1=14] You scrawl "Elbereth" with your fingers onto the floor. [HP+1=15] You scrawl "Elbereth" with your fingers onto the floor. It hits! (2x) It bites! It hits! [HP-5=10] You scrawl "Elbereth" with your fingers onto the floor. It hits! (2x) It misses. [HP-5=5] You scrawl "Elbereth" with your fingers onto the floor. It hits! (2x) It misses. It hits! You die... Final status: Goodbye Arrhythmia the Convict... You died in The Gnomish Mines on dungeon level 6 with 861 points, and 469 pieces of gold, after 2509 moves. You were level 7 with a maximum of 71 hit points when you died.